 Dungeon Crawl Stone Soup version 0.31.0-4-g52a2dc7128 (webtiles) character file.

Game seed: 10115834079860889189

11 McKennaii the Conjurer (level 2, 0/20 HPs)
             Began as a Demigod Conjurer on Jan 22, 2024.
             Constricted to death by a ball python (1 damage)
             ... on level 1 of the Dungeon.
             The game lasted 00:00:24 (118 turns).

McKennaii the Conjurer (Demigod Conjurer)            Turns: 118, Time: 00:00:25

Health: 0/20       AC:  2    Str:  8    XL:     2   Next: 6%
Magic:  0/7        EV:  9    Int: 20    God:
Gold:   0          SH:  0    Dex: 12    Spells: 2/5 levels left

rFire   . . .        (no weapon)
rCold   . . .        (no shield)
rNeg    . . .        a - +0 robe
rPois   .            (no helmet)
rElec   .            (no cloak)
rCorr   .            (no gloves)
SInv    .            (no boots)
Will    .....        (no amulet)
Stlth   ++           (no ring)
HPRegen 0.23/turn    (no ring)
MPRegen 0.10/turn

%: no passive effects
@: constricted
A: high MP 1, forlorn, divine attributes
a: no special abilities


You were on level 1 of the Dungeon.
You visited 1 branch of the dungeon, and saw 1 of its levels.

Inventory:

Armour
 a - a +0 robe (worn)
Scrolls
 c - a scroll of immolation {unknown}
Potions
 b - a potion of magic


   Skills:
 - Level 1.7 Dodging
 - Level 1.7 Stealth
 + Level 2.1 Spellcasting
 + Level 3.9 Conjurations


You had 2 spell levels left.
You knew the following spells:

 Your Spells              Type           Power      Damage    Failure   Level
a - Magic Dart            Conj           68%        1d6       3%          1
b - Searing Ray           Conj           34%        2d5       4%          2

Your spell library contained the following spells:

 Spells                   Type           Power      Damage    Failure   Level
 Fulminant Prism          Conj/Alch      4%         3d5       56%         4
 Iskenderun's Mystic Bla  Conj/Tloc      9%         2d4       56%         4


Dungeon Overview and Level Annotations

Branches:
Dungeon (1/15)


Innate Abilities, Weirdness & Mutations

You have an increased reservoir of magic. (+10% MP)
You shall have no god before yourself.
Your divine heritage dramatically boosts your attributes as you level up.


Message History

You miss the frilled lizard. The frilled lizard bites you.
* * * LOW HITPOINT WARNING * * *
You hit the frilled lizard.
You kill the frilled lizard!
The ball python closely misses you. The ball python grabs you.
The ball python constricts you.
You barely miss the ball python. The ball python bites you.
* * * LOW HITPOINT WARNING * * *
The ball python constricts you.
You barely miss the ball python. The ball python closely misses you.
The ball python constricts you.
* * * LOW HITPOINT WARNING * * *
You escape the ball python's grasp.
The ball python attacks as it pursues you!
The ball python bites you but does no damage.
The ball python closely misses you.
A kobold and a bat come into view.
Casting: Magic Dart (safe; 3% risk of failure)
Confirm with . or Enter, or press ? or * to list all spells.
Aiming: Searing Ray (safe; 4% risk of failure)
Press: ? - help, Shift-Dir - straight line, f - ball python
Aim: a ball python (75% to hit)
The searing ray misses the ball python. (Press . to maintain the ray.)
The ball python closely misses you. The ball python barely misses you.
The kobold throws a stone.
The stone barely misses you.
The ball python attacks as it pursues you!
The ball python bites you.
* * * LOW HITPOINT WARNING * * *
The ball python closely misses you. The ball python bites you.
* * * LOW HITPOINT WARNING * * *
The ball python barely misses you. x2; The ball python grabs you.
The ball python constricts you.
You hit the kobold but do no damage. The ball python barely misses you.
The ball python constricts you. The kobold barely misses you.
You barely miss the kobold. The ball python bites you.
* * * LOW HITPOINT WARNING * * *
The ball python constricts you.
You die...

#.. #.# #.# #)#
##.# #####.#.####
#....###...#
########S###.#.##.#
.....bK@.# ##.###.#
########## #)###.##
#.##...## #.#.#.#.#
#.#.#...# #.#.##..#
#.##...## #>.....#
#####..#


You could see a bat, a ball python and a kobold.

Vanquished Creatures
  A gnoll (D:1)
  A goblin (D:1)
  A frilled lizard (D:1)
3 creatures vanquished.

Notes
Turn   | Place    | Note
-------+----------+-------------------------------------------
     0 | D:1      | McKennaii the Demigod Conjurer began the quest for the Orb.
     0 | D:1      | Reached XP level 1. HP: 14/14 MP: 5/5
   100 | D:1      | Reached XP level 2. HP: 7/20 MP: 0/7
   103 | D:1      | Learned a level 2 spell: Searing Ray
   118 | D:1      | HP: 1/20 [ball python (1)]
   118 | D:1      | Constricted to death by a ball python

Illustrated notes

Levels and vault maps discovered:
D:1:      dpeg_arrival_line_fractal, layout_loops_ring,
          shapermc_ecumenical_altar_starsandcircs

Skill      XL: |  1 |
---------------+----+-----
Spellcasting   | 2 |  2.1
Dodging        | |  1.7
Stealth        | |  1.7
Conjurations   | |  3.9

Action                     || total
---------------------------++-------
  Melee: Unarmed           ||     8
   Cast: Magic Dart        ||     8
         Searing Ray       ||     1
 Armour: Robe              ||     8
  Dodge: Dodged            ||    16
